 Dungeon Crawl Stone Soup version 0.27-a0-684-g359e429f13 (webtiles) character file.

Game seed: 16802242898459500514

126 ReteAZ the Firebug (level 4, -1/33 HPs)
             Began as a Demigod Fire Elementalist on Mar 20, 2021.
             Slain by an orc
             ... wielding a +0 dagger
              (6 damage)
             ... on level 3 of the Dungeon.
             The game lasted 00:05:27 (3930 turns).

ReteAZ the Firebug (Demigod Fire Elementalist)      Turns: 3930, Time: 00:05:27

Health: -1/33      AC:  6    Str:  9    XL:     4   Next: 55%
Magic:  4/10       EV:  9    Int: 21    God:
Gold:   92         SH:  3    Dex: 14    Spells: 7/8 levels left

rFire    . . .     SeeInvis .   q - +1 trident (vorpal)
rCold    . . .     Faith    .   m - +0 buckler
rNeg     . . .     Spirit   .   e - +0 ring mail
rPois    .         Reflect  .   (no helmet)
rElec    .         Harm     .   (no cloak)
rCorr    .         Rampage  .   p - +0 pair of gloves
Will     .....                  (no boots)
Stlth    +.........             (no amulet)
HPRegen  0.11/turn              (no ring)
MPRegen  0.12/turn              (no ring)

@: no status effects
A: high mp 1, forlorn
a: no special abilities


You were on level 3 of the Dungeon.
You visited 1 branch of the dungeon, and saw 3 of its levels.

You collected 128 gold pieces.
You spent 36 gold pieces at shops.

Inventory:

Hand Weapons
 f - a +2 mace of protection
 o - a +1 vampiric halberd
 q - a +1 vorpal trident (weapon)
Missiles
 c - 8 curare-tipped darts
 d - 27 poisoned darts
Armour
 a - a +0 robe
 e - a +0 ring mail (worn)
 m - a +0 buckler (worn)
 p - a +0 pair of gloves (worn)
Jewellery
 l - a ring of flight
Scrolls
 b - 3 scrolls of identify {unknown}
 g - a scroll of fear {unknown}
 h - a scroll of immolation {unknown}
 i - a scroll of vulnerability {unknown}
 j - a scroll of teleportation {unknown}
Potions
 k - 2 potions of lignification {unknown}
 n - a potion of curing


   Skills:
 - Level 1.7 Dodging
 - Level 1.7 Stealth
 + Level 0.1 Shields
 + Level 2.6 Spellcasting
 + Level 2.1 Conjurations
 * Level 4.1 Fire Magic


You had 7 spell levels left.
You knew the following spells:

 Your Spells              Type           Power      Damage    Failure   Level
a - Foxfire               Conj/Fire      60%        2x1d7     19%         1

Your spell library contained the following spells:

 Spells                   Type           Power      Damage    Failure   Level
 Conjure Flame            Conj/Fire      15%        6-21      47%         3
 Corona                   Hex            2%         N/A       54%         1
 Inner Flame              Hex/Fire       11%        N/A       63%         3
 Ensorcelled Hibernation  Hex/Ice        4%         N/A       69%         2
 Dazzling Flash           Conj/Hex       14%        N/A       77%         3
 Sticky Flame             Conj/Fire      15%        2d4       87%         4
 Confusing Touch          Hex            2%         N/A       89%         3
 Tukima's Dance           Hex            2%         N/A       89%         3
 Fireball                 Conj/Fire      7%         3d5       99%         5


Dungeon Overview and Level Annotations

Branches:
Dungeon (3/15)

Shops:
D:2 !


Innate Abilities, Weirdness & Mutations

Your attributes grow dramatically as you level up.
You have an increased reservoir of magic. (+10% MP)
You shall have no god before yourself.


Message History

The orc hits you with a +0 dagger. The hobgoblin barely misses you.
The orc wizard barely misses you.
You conjure some foxfire!
The foxfire hits the orc wizard.
The orc wizard is severely wounded.
The foxfire hits the orc wizard but does no damage.
The orc wizard is severely wounded.
The orc hits you with a +0 dagger. The hobgoblin hits you with a +0 club.
The orc wizard closely misses you.
You conjure some foxfire!
The foxfire hits the hobgoblin but does no damage.
The hobgoblin is almost dead.
The hobgoblin hits you with a +0 club. The orc hits you with a +0 dagger.
The orc wizard closely misses you.
You conjure some foxfire!
The foxfire hits the hobgoblin but does no damage.
The hobgoblin is almost dead.
The foxfire hits the orc wizard.
The orc wizard is severely wounded.
The foxfire hits the hobgoblin.
You kill the hobgoblin!
You block the orc's attack.
The orc wizard hits you with a +0 short sword!
Your magical contamination has completely faded away.
You are too injured to fight recklessly!
You are too injured to fight recklessly!
You barely miss the orc wizard.
The orc wizard is severely wounded.
The foxfire hits the orc wizard.
The orc wizard is almost dead.
The foxfire hits the orc wizard but does no damage.
The orc wizard is almost dead.
The orc hits you but does no damage.
The orc wizard hits you with a +0 short sword.
* * * LOW HITPOINT WARNING * * *
You hit the orc wizard.
You kill the orc wizard!
The orc hits you with a +0 dagger.
* * * LOW HITPOINT WARNING * * *
The orc hits you with a +0 dagger.
You die...

.... #.).##.###.# ....
#.#.##.# #.# .........##g#
#.### ######.####.###...#
..## #. #.#.....# #.....
#g......#### ## .# ##
#######......####.# #.#
#......)o)......#.# ..#
#.......@....##.#.# #.###
#......§.§.#(##...# ....#
#..........#.##.#.# ..#.#
#.................#
#.#.#####.......###.##....#
................###.##..#.#
..#.#######'###.##...[..#.#
..#.# #.# #.........###
....#######.# ###..###.##


You could see an orc.

Vanquished Creatures
  An orc wizard (D:3)
  4 gnolls
  A worm (D:3)
  3 dart slugs
  4 leopard geckos
  5 orcs (D:3)
  2 ball pythons (D:3)
  2 giant cockroaches (D:1)
  5 goblins
  6 hobgoblins
  10 kobolds
  3 quokkas
  9 bats
  4 frilled lizards
  11 rats
70 creatures vanquished.

Vanquished Creatures (others)
  247 foxfires
247 creatures vanquished.

Grand Total: 317 creatures vanquished

Notes
Turn   | Place    | Note
-------+----------+-------------------------------------------
     0 | D:1      | ReteAZ the Demigod Fire Elementalist began the quest for
                  | the Orb.
     0 | D:1      | Reached XP level 1. HP: 14/14 MP: 5/5
    83 | D:1      | Reached skill level 1 in Conjurations
   263 | D:1      | Reached skill level 3 in Fire Magic
   683 | D:1      | Reached XP level 2. HP: 20/20 MP: 7/7
  1745 | D:2      | Reached XP level 3. HP: 26/26 MP: 0/8
  2259 | D:2      | Found Wextokacw's Distillery.
  2267 | D:2      | Bought a potion of curing for 36 gold pieces
  2624 | D:2      | Reached XP level 4. HP: 33/33 MP: 1/10
  3227 | D:3      | Reached skill level 4 in Fire Magic
  3930 | D:3      | Slain by an orc

Illustrated notes

Levels and vault maps discovered:
D:1:      tarquinn_simple_flora_water_b, layout_basic
D:2:      layout_basic, serial_shops, nicolae_shop_window_shopping,
          serial_rivers, chequers_serial_rivers_small_b,
          chequers_serial_rivers_micro_e, chequers_serial_rivers_room_a,
          chequers_serial_rivers_room_b
D:3:      layout_basic, lemuel_round_altar, lemuel_round_altar,
          kennysheep_generic_room_6

Skill      XL: |  1  2  3  4 |
---------------+-------------+-----
Conjurations   | 1 2 |  2.1
Fire Magic     | 3 4 |  4.1
Spellcasting   | 2 |  2.6
Dodging        | |  1.7
Stealth        | |  1.7
Shields        | |  0.1

Action                   |  1- 3 |  4- 6 || total
-------------------------+-------+-------++-------
Melee: Mace              |    20 |     1 ||    21
       Halberd           |       |    27 ||    27
       Trident           |       |     3 ||     3
 Cast: Foxfire           |    98 |    60 ||   158
Armor: Robe              |     5 |       ||     5
       Ring mail         |     1 |    15 ||    16
Dodge: Dodged            |    25 |    29 ||    54
Block: Buckler           |       |     2 ||     2

Table legend: (Time is in decaauts)
 A = Elapsed time spent in this place.
 B = Non-inter-level travel time spent in this place.
 C = Inter-level travel time spent in this place.
 D = Time resting spent in this place.
 E = Time spent auto-exploring this place.
 F = Levels seen in this place.
 G = Mean time per level.
                   A        B        C        D        E       F      G
               +--------+--------+--------+--------+--------+-----+--------+
         Total |   3959 |   3854 |    105 |    627 |   2565 |   3 | 1319.7 |
       Dungeon |   3959 |   3854 |    105 |    627 |   2565 |   3 | 1319.7 |
               +--------+--------+--------+--------+--------+-----+--------+

Top non-repeatable levels by time:
     D:1: 1765 daAuts
     D:2: 1366 daAuts
     D:3: 827 daAuts
